 Dungeon Sprint DCSS version 0.20.1-1-g8b1a95d (webtiles) character file.

296 OdinFK the Carver (level 6, -16/66 HPs)
             Began as a Minotaur Berserker on Oct 22, 2017.
             Was a Believer of Trog.
             Demolished by a slime creature (19 damage)
             ... in the Dungeon (Sprint I: "Red Sonja").
             The game lasted 00:01:31 (308 turns).

OdinFK the Carver (Minotaur Berserker)               Turns: 308, Time: 00:01:32

Health: -16/66     AC:  4    Str: 23    XL:     6   Next: 12%
Magic:  5/5        EV: 14    Int:  4    God:    Trog [**....]
Gold:   188        SH:  0    Dex: 10    Spells: 5/5 levels left

rFire    . . .     SeeInvis .   a - +0 falchion
rCold    . . .     Gourm    .   (no shield)
rNeg     + . .     Faith    .   l - +2 robe {rN+}
rPois    .         Spirit   .   (helmet restricted)
rElec    .         Reflect  .   (no cloak)
rCorr    .         Harm     .   (no gloves)
MR       .....     NoTele   +   (no boots)
Stlth    +.........             (no amulet)
Regen    0.3/turn               (no ring)
MPRegen  0.1/turn               (no ring)

@: no status effects
A: retaliatory headbutt, horns 2
a: Berserk, Trog's Hand, Burn Spellbooks, Renounce Religion


You were in the Dungeon.
You worshipped Trog.
Trog was pleased with you.
You were not hungry.

You visited 1 branch You collected 188 gold pieces.

Inventory:

Hand Weapons
 a - a +0 falchion (weapon)
Armour
 b - a +0 animal skin
 k - a +0 leather armour
 l - a +2 robe of positive energy (worn)
Wands
 j - a wand of polymorph (2/24)
Scrolls
 i - a scroll of blinking
Potions
 d - a potion of curing
 e - a potion of heal wounds
 f - a potion of haste
 g - 2 potions of magic
 h - a potion of berserk rage
Comestibles
 c - a bread ration


   Skills:
 + Level 9.8 Fighting
 + Level 10.4 Long Blades
 + Level 5.0 Armour
 + Level 5.7 Dodging


You had 5 spell levels left.
You didn't know any spells.

Dungeon Overview and Level Annotations

Branches:
Dungeon (1/1)

Altars:
Makhleb
Sif Muna
Vehumet
Xom
Jiyva
Lugonu


Innate Abilities, Weirdness & Mutations

You reflexively headbutt those who attack you in melee.
You have a pair of horns on your head.


Message History

The slime creature is severely wounded.
The slime creature hits you!
You hit the slime creature but do no damage.
You headbutt the slime creature.
The slime creature is severely wounded.
You hit the slime creature. You headbutt the slime creature.
The slime creature is almost dead.
The slime creature hits you.
You hit the slime creature but do no damage.
The slime creature is almost dead.
The slime creature hits you!!
* * * LOW HITPOINT WARNING * * *
You hit the slime creature.
Your headbutt misses the slime creature.
The slime creature is almost dead.
The slime creature barely misses you.
You slash the slime creature!
The slime creature is almost dead.
The slime creature hits you!!
You die...

###################
#<.#..)..#.)'..#__#
#..').#..'..#..@..+
#..#####'#####'#J_#
#..# #..# #.####
#..# #### ##[# #..#
#+#..+ #⌠⌠# +..._#
#### #_.#'# ##+#.#
###


You could see a slime creature.

Vanquished Creatures
  Sigmund (D)
  An ogre (D)
  A jelly (D)
  Ijyb (D)
4 creatures vanquished.

Notes
Turn   | Place    | Note
-------+----------+-------------------------------------------
     0 | D        | OdinFK the Minotaur Berserker began the quest for the Orb.
     0 | D        | Reached XP level 1. HP: 19/19 MP: 0/0
     1 | D        | Noticed Ijyb
    43 | D        | Killed Ijyb
    43 | D        | Reached skill level 5 in Fighting
    43 | D        | Reached skill level 5 in Long Blades
    43 | D        | Reached XP level 2. HP: 29/29 MP: 1/1
    50 | D        | Noticed an ogre
    56 | D        | Killed an ogre
    56 | D        | Reached skill level 7 in Long Blades
    56 | D        | Reached XP level 3. HP: 40/40 MP: 2/2
    56 | D        | Reached XP level 4. HP: 48/48 MP: 3/3
    66 | D        | Noticed Sigmund
    83 | D        | Killed Sigmund
    83 | D        | Reached ** piety under Trog
    83 | D        | Reached skill level 10 in Long Blades
    83 | D        | Reached skill level 5 in Dodging
    83 | D        | Reached XP level 5. HP: 25/57 MP: 4/4
    83 | D        | Reached XP level 6. HP: 29/64 MP: 5/5
   268 | D        | Found a deep blue altar of Sif Muna.
   270 | D        | Found a radiant altar of Vehumet.
   273 | D        | Reached skill level 5 in Armour
   295 | D        | Found a viscous altar of Jiyva.
   295 | D        | Found a corrupted altar of Lugonu.
   295 | D        | Noticed a slime creature
   296 | D        | Found a burning altar of Makhleb.
   296 | D        | Found a shimmering altar of Xom.
   306 | D        | HP: 3/66 [slime creature (18)]
   308 | D        | Demolished by a slime creature

Skill      XL: |  1  2  3  4  5  6 |
---------------+-------------------+-----
Fighting       | 5 7 9 |  9.8
Long Blades    | 5 7 10 | 10.4
Armour         | 3 4 5 |  5.0
Dodging        | 3 4 5 |  5.7

Action                   |  1- 3 |  4- 6 || total
-------------------------+-------+-------++-------
Melee: Falchion          |    45 |    28 ||    73
       Headbutt          |     2 |     5 ||     7
 Stab: Sleeping          |       |     1 ||     1
Armor: Skin              |    24 |       ||    24
       Animal skin       |     1 |       ||     1
Dodge: Dodged            |     5 |     9 ||    14
       Rpst.: Falchion   |     1 |     1 ||     2
